AoeStats
← 1695

Arabia

509212848Analyzed
2v2 RM · 7d ago on Sep 25, 2026· 40m 43s· 4 players
Game mode
Random Map
Map size
Medium (4 player)
Population
200
Speed
Normal
Resources
Standard
Victory
Conquest
Starting age
Dark Age
Ending age
Imperial Age
RankedLock teamsTeams togetherTeam positionsShared explorationLock speedFull tech treeHidden civsTurbo modeCheats
Victory
Defeat
🇦🇷 Inca · Argentina
791
+22
🇦🇷 Franks · Argentina
761
+22
🇬🇧 Franks · United Kingdom
952
-78
🇻🇳 Mongols · Vietnam
877
-54
JackMurricane
10:46 Feudal Age
14:40 Wheelbarrow
14:10 Double-Bit Axe
25:42 Castle Age
27:35 Hand Cart
ᶜᵗˣ Whooshalot
2:43 Loom
11:37 Feudal Age
13:20 Wheelbarrow
12:30 Town Watch
12:32 Double-Bit Axe
12:43 Stone Mining
12:35 Horse Collar
12:38 Man-at-Arms
19:00 Forging
19:00 Gold Mining
22:46 Fletching
22:56 Padded Archer Armor
23:02 Scale Barding Armor
26:31 Castle Age
27:13 Bloodlines
27:26 Husbandry
28:06 Iron Casting
27:52 Chain Barding Armor
28:44 Squires
28:29 Arson
29:17 Hand Cart
29:02 Town Patrol
29:20 Bow Saw
31:27 Town Patrol
33:35 Gold Shaft Mining
33:36 Stone Shaft Mining
33:03 Heavy Plow
JOTAEME
15:37 Feudal Age
20:53 Castle Age
21:11 Wheelbarrow
1695
12:17 Feudal Age
12:48 Horse Collar
12:54 Double-Bit Axe
18:45 Castle Age
18:42 Forging
18:32 Scale Mail Armor
18:33 Stone Mining
19:11 Gold Mining
20:27 Town Watch
20:33 Elite Skirmisher
23:48 Heavy Plow
25:20 Wheelbarrow
25:08 Squires
26:32 Scale Mail Armor
30:35 Imperial Age
28:07 Champi Runner
29:25 Bow Saw
30:19 Gold Shaft Mining
29:44 Champi Warrior
31:40 Pikeman
33:18 Conscription
33:40 Iron Casting
33:29 Elite Champi Warrior
34:50 Crop Rotation
38:32 Blast Furnace
Connection lost

Rejoining the realm…

Still unreachable

The connection could not be restored.

Session expired

The server has moved on; the page needs a fresh start.